 Dungeon Crawl Stone Soup version 0.22-a0-322-g60b3cfd (webtiles) character file.

86 Amnesiac the Gusty (level 4, -2/21 HPs)
             Began as a Vine Stalker Air Elementalist on Apr 3, 2018.
             Killed from afar by Natasha (7 damage)
             ... with a magic dart
             ... on level 2 of the Dungeon.
             The game lasted 00:02:36 (1539 turns).

Amnesiac the Gusty (Vine Stalker Air Elementalist)  Turns: 1539, Time: 00:02:37

Health: -2/21      AC:  2    Str: 10    XL:     4   Next: 50%
Magic:  0/10       EV: 11    Int: 16    God:
Gold:   67         SH:  4    Dex: 15    Spells: 9/10 levels left

rFire    . . .     SeeInvis .   i - +2 dagger (vamp)
rCold    . . .     Gourm    .   m - +0 buckler
rNeg     . . .     Faith    .   a - +0 robe
rPois    .         Spirit   +   (no helmet)
rElec    .         Reflect  .   (no cloak)
rCorr    .         Harm     .   (no gloves)
MR       .....                  (no boots)
Stlth    ++........             q - amulet of magic regeneration
HPRegen  0.47/turn              (no ring)
MPRegen  0.37/turn              (no ring)

@: no status effects
A: fangs 2, regeneration 1, magic shield, antimagic bite, no potion heal 3, rot
immunity
a: no special abilities


You were on level 2 of the Dungeon.
You were not hungry.

You visited 1 branch of the dungeon, and saw 2 of its levels.

You collected 67 gold pieces.

Inventory:

Hand Weapons
 i - a +2 vampiric dagger (weapon)
Armour
 a - a +0 robe (worn)
 m - a +0 buckler (worn)
Jewellery
 h - an uncursed amulet of the gourmand
 q - an amulet of magic regeneration (around neck)
Scrolls
 e - 3 scrolls of teleportation {!r, unknown}
 f - a scroll of random uselessness {!r, unknown}
 g - 2 scrolls of identify {!r, unknown}
 n - a scroll of amnesia {!r, unknown}
Potions
 b - a potion of degeneration {!q, unknown}
 d - 2 potions of magic {!q, unknown}
 j - a potion of might {!q, unknown}
 k - a potion of flight {!q, unknown}
 l - 3 potions of heal wounds {!q, unknown}
 o - a potion of invisibility {!q, unknown}
 p - a potion of brilliance {!q, unknown}
Comestibles
 c - 6 rations


   Skills:
 - Level 1.5 Dodging
 - Level 2.4 Stealth
 + Level 1.2 Shields
 + Level 3.7 Spellcasting
 - Level 1.0 Conjurations
 + Level 3.7 Air Magic


You had 9 spell levels left.
You knew the following spells:

 Your Spells              Type           Power        Failure   Level  Hunger
a - Shock                 Conj/Air       ##..         10%         1    None


Dungeon Overview and Level Annotations

Branches:
Dungeon (2/15)

Altars:
Uskayaw

Annotations:
D:2 Natasha


Innate Abilities, Weirdness & Mutations

You have extremely sharp teeth.
Your natural rate of healing is unusually fast.
When hurt, damage is shared between your health and your magic reserves.
Your bite disrupts and absorbs the magic of your enemies.
Potions cannot restore your health.
You are immune to rotting.


Message History

You kill the kobold!
You see here a whip.
The kobold shouts!
The kobold hits you.
A kobold is nearby!
You hit the kobold.
The kobold is heavily wounded.
The kobold hits you.
You hit the kobold but do no damage.
The kobold is heavily wounded.
The kobold closely misses you.
You miss the kobold. You bite the kobold, but do no damage.
The kobold is moderately wounded.
The kobold barely misses you.
You hit the kobold.
You kill the kobold!
No target in view!
You open the door.
There is an open door here.
You open the door.
There is an open door here.
There is an open door here.
There is an open door here.
Key pressed, stopping explore.
No target in view!
Found a robe.
No target in view!
Natasha, Servant of Life and Death comes into view.
Found a metallic ruby potion.
Natasha is nearby!
Found 23 gold pieces.
You see here a robe.
Natasha hisses angrily.
Natasha mumbles some strange words.
Natasha stares at you and mumbles some strange words.
The magic dart hits you!
Casting: Shock (safe; 10% risk of failure)
Confirm with . or Enter, or press ? or * to list all spells.
Aiming: Shock (safe; 10% risk of failure)
Press: ? - help, Shift-Dir - straight line The zap hits the iron imp.
The iron imp appears unharmed.
The zap hits the iron imp.
The iron imp completely resists.
Natasha casts a spell at you. You resist with some effort.
Unknown command.
Natasha claws you!
Casting: Shock (safe; 10% risk of failure)
Confirm with . or Enter, or press ? or * to list all spells.
Aiming: Shock (safe; 10% risk of failure)
Press: ? - help, Shift-Dir - straight line The zap hits Natasha.
Natasha is moderately wounded.
The zap misses Natasha.
Natasha claws you.
* * * LOW HITPOINT WARNING * * *
The iron imp disappears for a moment.
The iron imp hits you!
* * * LOW HITPOINT WARNING * * *
Unknown command.
Casting: Shock (safe; 10% risk of failure)
Confirm with . or Enter, or press ? or * to list all spells.
Okay, then.
Natasha stares at you and mumbles some strange words.
The magic dart hits you!
You die...

#.......###>..........
######+#........#..##.#
#...........###.#.. #..
#...........# #. ###
#...........# #
#...........#
#.....[.....##
#.......?.....#
#?....@......##
#.....h......#
#.....5......#
#...!........#
#$..$........#
############.# .#


You could see an iron imp and Natasha.

Vanquished Creatures
  Jessica (D:2)
  2 adders (D:2)
  An ooze (D:1)
  2 dart slugs
  A giant cockroach (D:2)
  3 goblins
  A hobgoblin (D:2)
  3 jackals (D:1)
  7 kobolds
  A quokka (D:2)
  A ball python (D:1)
  4 bats
  4 frilled lizards (D:1)
  4 rats
35 creatures vanquished.

Notes
Turn   | Place    | Note
-------+----------+-------------------------------------------
     0 | D:1      | Amnesiac the Vine Stalker Air Elementalist began the quest for the Orb.
     0 | D:1      | Reached XP level 1. HP: 9/9 MP: 4/4
   446 | D:1      | Reached XP level 2. HP: 13/13 MP: 1/7
   698 | D:1      | Reached XP level 3. HP: 15/16 MP: 8/8
  1135 | D:2      | Noticed Jessica
  1144 | D:2      | Killed Jessica
  1164 | D:2      | Gained mutation: Your natural rate of healing is unusually fast. [Vine Stalker growth]
  1164 | D:2      | Reached XP level 4. HP: 21/21 MP: 10/10
  1203 | D:2      | Reached skill level 1 in Shields
  1265 | D:2      | Noticed a dagger
  1265 | D:2      | Noticed a hand axe
  1282 | D:2      | Found a hide-covered altar of Uskayaw.
  1530 | D:2      | Noticed Natasha
  1539 | D:2      | Killed from afar by Natasha

Vault maps used:
D:1:      roderic_lyre
D:2:      dancing_weapons_uskayaw, minmay_misc_feat_roman, corner_web_ring,
          uniq_jessica, uniq_natasha

Skill      XL: |  1  2  3  4 |
---------------+-------------+-----
Spellcasting   | 3 |  3.7
Shields        | 1 |  1.2
Dodging        | |  1.5
Stealth        | |  2.4
Conjurations   | |  1.0
Air Magic      | |  3.7

Action                   |  1- 3 |  4- 6 || total
-------------------------+-------+-------++-------
Melee: Unarmed           |    18 |       ||    18
       Bite              |    15 |     3 ||    18
       Dagger            |    38 |    17 ||    55
 Cast: Shock             |    19 |     2 ||    21
 Stab: Sleeping          |     3 |     4 ||     7
  Eat: Chunk             |    10 |     3 ||    13
Armor: Robe              |    12 |     2 ||    14
Dodge: Dodged            |    43 |     4 ||    47

Table legend:
 A = Spawn XP
 B = Non-spawn XP
 C = Spawn XP percentage of total XP
 D = Spawn monster count
 E = Non-spawn monster count
 F = Spawn count percentage of total count
 G = Total turns spent on level
                    A         B        C        D         E        F      G
               +---------+---------+-------+---------+---------+-------+---------
         Total |       0 |     124 |   0.0 |       0 |      35 |   0.0 |  1539
               +---------+---------+-------+---------+---------+-------+---------
           D:1 |       0 |      38 |   0.0 |       0 |      21 |   0.0 |  1086
           D:2 |       0 |      86 |   0.0 |       0 |      14 |   0.0 |   453
               +---------+---------+-------+---------+---------+-------+---------
